Map: Odyssey LE

Players

Winthrowe - Winner!

  • Race: Terran Terran
  • League: Silver
  • Spawn Location: 11:00

A.I. 1 (Easy)

  • Race: Terran Terran
  • Spawn Location: 5:00

VOD

Have the link to the VOD?

Description

Time

  • Played on: Sept. 2, 2017, 11:26 a.m.
  • Length: 23:33
Show
View Real Time Build Order
Export as new Build Order

Winthrowe Terran - Winner!

Build Orders: Command Center First (CC) 

Get SALT Encoding   

  12  0:02  SCV  
  13  0:14  SCV  
  13  0:19  Supply Depot  
  14  0:26  SCV  
  15  0:41  SCV  
  16  0:53  SCV  
  17  1:05  SCV  
  18  1:15  Command Center  
  18  1:17  SCV  
  19  1:26  Refinery  
  19  1:29  SCV  
  20  1:41  SCV  
  21  1:53  SCV  
  22  2:05  SCV  
  23  2:08  Command Center, Barracks  
  23  2:26  SCV  
  23  2:29  SCV  
  25  2:42  SCV  
  25  2:43  SCV  
  27  3:07  Engineering Bay  
  27  3:13  SCV x2  
  29  3:22  Command Center  
  29  3:25  SCV x2  
  31  3:30  SCV  
  32  3:38  SCV x2  
  34  3:56  SCV x2  
  34  3:57  SCV  
  34  4:01  Command Center  
  37  4:07  Command Center  
  37  4:09  Orbital Command  
  37  4:16  Planetary Fortress  
  37  4:20  Orbital Command  
  37  4:36  Orbital Command  
  37  4:56  SCV x3  
  40  5:01  Command Center  
  40  5:08  SCV  
  40  5:11  SCV x3  
  44  5:25  SCV x3  
  44  5:26  SCV  
  44  5:27  Command Center  
  48  5:35  Supply Depot  
  48  5:57  Supply Depot, SCV x5  
  49  5:58  SCV  
  54  6:09  SCV x3  
  57  6:21  Refinery  
  57  6:22  Command Center  
  57  6:24  SCV x2  
  57  6:25  SCV x4  
  63  6:26  SCV  
  64  6:36  SCV x2  
  64  6:37  SCV x3  
  69  6:43  SCV x2  
  69  6:44  SCV  
  72  6:48  Command Center  
  72  6:51  Planetary Fortress  
  72  6:54  SCV  
  72  6:55  SCV x5  
  72  6:56  SCV  
  79  7:02  Supply Depot  
  79  7:06  SCV  
  79  7:07  SCV x3  
  79  7:08  SCV x3  
  86  7:18  SCV  
  86  7:19  SCV x3  
  86  7:20  SCV x3  
  93  7:24  Supply Depot  
  93  7:27  SCV  
  94  7:31  SCV x4  
  94  7:32  SCV x2  
  94  7:33  SCV  
  94  7:35  Command Center  
  101  7:39  SCV  
  101  7:42  Barracks  
  101  7:43  SCV x4  
  108  7:44  SCV x2  
  108  7:45  SCV  
  108  7:47  Command Center  
  108  7:48  Barracks  
  108  7:50  Barracks  
  109  7:51  SCV  
  109  7:55  SCV x4  
  109  7:56  SCV x2  
  109  7:57  SCV  
  117  8:03  SCV  
  118  8:07  SCV x3  
  118  8:08  SCV x3  
  118  8:09  SCV  
  125  8:15  SCV  
  126  8:21  Planetary Fortress  
  126  8:32  SCV x4  
  126  8:33  SCV x3  
  133  8:44  SCV  
  134  8:48  Planetary Fortress  
  134  9:28  SCV  
  134  9:29  SCV x6  
  141  9:33  Planetary Fortress  
  141  9:41  SCV x4  
  141  9:42  SCV x3  
  148  9:53  SCV  
  148  9:54  SCV x6  
  155  10:03  Engineering Bay  
  155  10:05  SCV  
  155  10:06  SCV x6  
  162  10:08  Barracks Reactor x4  
  161  10:17  SCV  
  161  10:18  SCV x6  
  161  10:20  SCV  
  145  10:29  SCV  
  145  10:30  Terran Infantry Weapons Level 1, SCV x6  
  145  10:32  SCV  
  145  10:33  Terran Infantry Armor Level 1  
  135  10:41  SCV  
  135  10:42  SCV x6  
  142  10:44  SCV  
  142  10:48  Factory  
  143  10:54  SCV x7  
  143  10:56  SCV  
  151  11:06  SCV x7  
  151  11:08  SCV  
  131  11:30  Planetary Fortress  
  131  11:43  SCV  
  131  11:44  SCV x7  
  139  11:56  SCV x8  
  147  12:08  SCV x8  
  150  12:13  Armory  
  152  12:20  SCV x8  
  151  12:32  SCV x7  
  151  12:33  SCV  
  157  12:44  SCV x3  
  157  12:45  SCV x5  
  165  12:56  SCV  
  165  12:57  SCV x7  
  173  13:02  Terran Infantry Armor Level 2, Terran Infantry Weapons Level 2  
  166  13:08  SCV  
  166  13:09  SCV x7  
  148  13:20  SCV  
  148  13:21  SCV x7  
  141  13:49  SCV  
  141  13:50  SCV x7  
  139  14:01  SCV  
  139  14:02  SCV x7  
  146  14:14  SCV x8  
  152  14:26  SCV x8  
  160  14:38  SCV x7  
  161  14:39  SCV  
  168  14:50  SCV x6  
  168  14:51  SCV x2  
  166  15:02  SCV  
  166  15:03  SCV x7  
  163  15:14  SCV  
  163  15:15  SCV x7  
  166  15:26  SCV  
  166  15:27  SCV x7  
  167  15:38  SCV  
  167  15:39  SCV x7  
  172  15:50  SCV  
  172  15:51  SCV x7  
  179  16:02  SCV  
  179  16:03  SCV x7  
  187  16:15  SCV x3  
  190  16:22  SCV  
  190  16:25  SCV  
  190  16:27  SCV x2  
  190  16:28  Terran Infantry Armor Level 3, SCV, Terran Infantry Weapons Level 3  
  190  16:31  SCV  
  190  16:32  SCV x2  
  188  16:34  SCV  
  188  16:38  SCV  
  188  16:39  SCV x2  
  181  16:40  SCV  
  181  16:43  SCV  
  181  16:44  SCV x2  
  181  16:46  SCV  
  177  16:50  SCV  
  177  16:51  SCV x2  
  177  16:52  SCV  
  180  16:55  SCV  
  180  16:56  SCV x2  
  180  16:58  SCV  
  176  17:02  SCV  
  176  17:03  SCV  
  176  17:04  SCV x2  
  176  17:07  SCV  
  179  17:08  SCV x2  
  179  17:10  SCV  
  179  17:14  SCV  
  179  17:15  SCV  
  182  17:16  SCV x2  
  182  17:19  SCV  
  182  17:20  SCV x2  
  182  17:22  SCV  
  186  17:26  SCV  
  186  17:27  SCV  
  186  17:28  SCV x2  
  190  17:31  SCV  
  190  17:37  SCV  
  190  17:40  SCV  
  190  17:41  SCV  
  190  17:43  Supply Depot  
  190  17:44  SCV  
  190  17:47  SCV x2  
  190  17:48  SCV  
  190  17:50  SCV x2  
  186  17:52  SCV  
  186  17:53  SCV  
  186  17:56  SCV  
  179  17:59  SCV x2  
  179  18:00  SCV  
  179  18:02  SCV x2  
  179  18:05  SCV x2  
  172  18:07  Supply Depot  
  172  18:08  SCV  
  172  18:11  SCV x2  
  172  18:12  SCV  
  168  18:14  SCV x2  
  168  18:17  SCV x2  
  169  18:20  SCV  
  169  18:23  SCV x2  
  169  18:24  SCV  
  169  18:26  SCV x2  
  171  18:29  SCV  
  171  18:30  SCV  
  171  18:32  SCV  
  165  18:35  SCV x2  
  165  18:36  SCV  
  165  18:38  SCV x2  
  165  18:41  SCV  
  150  18:42  SCV  
  150  18:44  SCV  
  150  18:47  SCV  
  150  18:48  SCV x2  
  134  18:50  SCV x2  
  134  18:53  SCV  
  134  18:54  Marine, SCV  
  125  18:56  SCV  
  125  19:00  SCV x3  
  123  19:02  SCV  
  123  19:03  SCV  
  123  19:05  SCV  
  123  19:06  SCV  
  123  19:09  SCV  
  124  19:12  SCV x3  
  124  19:15  SCV x2  
  124  19:16  Marine  
  125  19:17  Marine x7, SCV  
  125  19:18  SCV  
  125  19:21  SCV  
  125  19:24  SCV x2  
  134  19:25  SCV  
  134  19:27  SCV x2  
  134  19:29  SCV  
  134  19:30  SCV  
  139  19:33  SCV  
  139  19:34  Marine  
  139  19:35  Marine x7  
  139  19:36  SCV x2  
  139  19:37  SCV  
  139  19:38  Starport  
  151  19:39  SCV x2  
  151  19:41  SCV  
  151  19:42  SCV  
  151  19:45  SCV  
  156  19:48  SCV x2  
  156  19:49  SCV  
  156  19:51  SCV x2  
  156  19:52  Marine  
  158  19:53  Marine x7, SCV  
  158  19:54  SCV  
  158  19:57  SCV  
  153  20:00  SCV x2  
  153  20:01  SCV  
  153  20:03  SCV x2  
  153  20:06  SCV x2  
  160  20:09  SCV  
  160  20:10  Marine x4  
  160  20:11  Marine x4  
  160  20:12  SCV x2  
  160  20:13  SCV  
  172  20:15  SCV x2  
  172  20:18  SCV x2  
  176  20:21  SCV  
  176  20:24  SCV x2  
  176  20:25  SCV  
  176  20:27  SCV x2  
  176  20:28  Marine x8  
  183  20:30  SCV  
  169  20:46  Marine x8  
  163  21:03  Marine  
  164  21:04  Marine x7  
  171  21:13  Starport Reactor  
  171  21:16  Factory Reactor  
  171  21:21  Marine  
  171  21:22  Marine x7  
  179  21:39  Marine x2  
  179  21:40  Marine x6  
  185  21:57  Marine x8  
  193  22:15  Marine x7  
Show
View Real Time Build Order
Export as new Build Order

A.I. 1 (Easy) Terran 

Build Orders:  

Get SALT Encoding   

  12  0:00  SCV  
  13  0:13  SCV  
  14  0:19  Supply Depot  
  14  0:25  SCV  
  15  0:40  SCV  
  16  0:45  Barracks  
  16  1:10  Command Center  
  16  1:33  Marine  
  16  1:34  Orbital Command, Supply Depot  
  17  1:42  Refinery  
  17  1:51  Marine  
  17  1:52  Refinery  
  18  1:59  SCV  
  19  2:08  Marine  
  19  2:12  SCV  
  21  2:24  SCV x2  
  21  2:27  Barracks Tech Lab  
  23  2:36  SCV x2  
  25  2:45  Marine, Refinery  
  26  2:54  SCV  
  27  2:59  SCV  
  28  3:06  SCV  
  28  3:10  Marauder  
  28  3:11  SCV  
  32  3:18  SCV  
  33  3:25  Supply Depot  
  33  3:26  SCV  
  34  3:31  SCV  
  37  3:34  Marauder  
  37  3:38  SCV  
  38  3:43  SCV  
  39  3:50  SCV  
  39  3:55  SCV, Supply Depot  
  41  3:58  Marine  
  43  4:02  SCV  
  43  4:16  SCV  
  44  4:18  Factory  
  44  4:19  Supply Depot  
  44  4:20  SCV  
  44  4:22  Marine  
  46  4:28  SCV  
  47  4:33  SCV  
  48  4:40  SCV  
  48  4:45  Supply Depot, SCV  
  50  4:47  Marauder  
  52  4:53  SCV  
  52  4:57  SCV  
  54  5:05  Starport, SCV  
  55  5:09  SCV, Refinery  
  55  5:11  Marauder  
  58  5:17  SCV  
  60  5:21  SCV  
  60  5:25  Supply Depot  
  60  5:29  SCV  
  60  5:33  SCV  
  60  5:35  Marine  
  63  5:41  SCV  
  64  5:43  Starport Tech Lab  
  64  5:45  SCV  
  65  5:59  Marine  
  65  6:03  Raven  
  68  6:24  Marauder  
  70  6:46  Raven  
  72  6:48  Marauder  
  74  9:32  Command Center  
  74  10:38  Medivac, Factory Tech Lab  
  74  10:41  Engineering Bay  
  76  10:43  Supply Depot  
  76  10:57  Siege Tank  
  76  11:00  Refinery  
  76  11:04  Refinery  
  79  11:08  Terran Infantry Weapons Level 1, Medivac  
  78  11:29  Siege Tank  
  81  11:38  Raven  
  83  12:01  Siege Tank  
  86  13:02  Terran Infantry Armor Level 1  
  86  13:06  SCV  
  86  13:11  SCV  
  71  13:15  SCV  
  71  13:19  SCV  
  71  13:24  SCV  
  72  13:28  SCV  
  72  13:31  Marine  
  72  13:32  SCV  
  69  13:37  SCV  
  63  13:41  SCV  
  63  13:46  SCV  
  57  13:49  Marine  
  57  13:51  SCV  
  58  13:56  SCV  
  58  13:57  Siege Tank  
  58  14:00  SCV  
  57  14:04  SCV, Command Center  
  57  14:09  SCV  
  59  14:10  Marine  
  59  14:13  SCV  
  61  14:28  Marine  
  62  14:36  Siege Tank  
  65  14:38  Armory  
  65  14:46  Marauder  
  66  15:07  Marine  
  66  15:08  Cyclone  
  67  15:16  SCV  
  67  15:18  Refinery  
  67  15:20  SCV  
  69  15:25  Marine, SCV  
  69  15:27  Terran Infantry Weapons Level 2  
  69  15:29  SCV  
  69  15:30  Refinery  
  69  15:34  SCV  
  68  15:35  Terran Vehicle Weapons Level 1  
  68  15:38  SCV  
  64  15:43  Siege Tank, Marauder  
  64  15:44  SCV  
  64  15:48  SCV  
  69  15:52  SCV  
  69  15:57  SCV  
  71  16:01  SCV  
  72  16:04  Marine  
  72  16:06  SCV  
  73  16:22  Marine  
  74  16:28  Cyclone  
  74  16:40  Marauder  
  71  17:01  Marine  
  71  17:06  Siege Tank  
  72  17:19  Marine  
  73  17:33  Terran Vehicle And Ship Armor Level 1  
  73  17:37  Marine  
  74  17:49  Terran Infantry Armor Level 2  
  74  17:54  Marine  
  75  18:13  Barracks Tech Lab  
  75  18:31  Marine  
  76  18:46  SCV  
  76  18:49  Marauder  
  78  19:10  Marine  
  79  19:27  Terran Ship Weapons Level 1  
  79  19:28  Marine  
  80  19:46  Marauder  
  82  20:08  Marauder  
  84  20:22  Command Center  
  84  20:29  Marine  
  76  20:46  Marine  
  76  20:49  Raven  
  55  21:00  SCV  
  47  21:04  Marine  
  47  21:05  SCV  
  41  21:13  Command Center  
  41  21:14  SCV  
  41  21:18  SCV  
  41  21:22  Marine  
  41  21:23  SCV  
  42  21:27  SCV  
  42  21:31  SCV, Hellion  
  42  21:32  Medivac  
  46  21:36  SCV  
  47  21:40  Marine, SCV  
  47  21:48  SCV  
  47  21:53  SCV, Hellion  
  46  21:57  SCV  
  46  21:58  Marine  
  29  22:36  Command Center  
  20  23:03  Refinery  
  8  23:18  SCV  
  8  23:25  Supply Depot  
Tags
 
Add a new tag
Caveats
  • Supply blocks, unpowered buildings, or Contaminate may cause inaccurate times.
  • Supply counts are checked every 10 seconds.